 Dungeon Crawl Stone Soup version 0.26.1-11-gd32895ea62 (webtiles) character file.

Game seed: 2998579033998903085

13115 Zeld the Covert (level 12, -8/85 HPs)
             Began as an Octopode Brigand on May 23, 2021.
             Was a High Priest of Fedhas.
             Mangled by a gnoll
             ... wielding a +1 halberd of electrocution
              (17 damage)
             ... in a bailey.
             The game lasted 00:21:47 (21674 turns).

Zeld the Covert (Octopode Brigand)                 Turns: 21674, Time: 00:21:49

Health: -8/85      AC:  1    Str: 15    XL:     12   Next: 2%
Magic:  12/12      EV: 13    Int: 14    God:    Fedhas [*****.]
Gold:   525        SH:  5    Dex: 13    Spells: 11/11 levels left

rFire    . . .     SeeInvis .   a - +8 dagger (venom)
rCold    + . .     Faith    .   (no shield)
rNeg     . . .     Spirit   .   (helmet restricted)
rPois    +         Reflect  +   G - amulet of reflection
rElec    .         Harm     .   o - ring of poison resistance
rCorr    .         Rampage  .   F - ring of protection from cold
Will     .....                  (no ring)
Stlth    ++++++....             (no ring)
HPRegen  0.24/turn              (no ring)
MPRegen  0.13/turn              (no ring)
                                (no ring)
                                (no ring)

@: no status effects
A: almost no armour, stealthy swim, amphibious, 8 rings, constrict 8, camouflage
1, gelatinous body 1
a: Renounce Religion, Wall of Briars, Grow Ballistomycete, Overgrow, Grow Oklob


You were in a bailey.
You worshipped Fedhas.
Fedhas was extremely pleased with you.
You visited 2 branches of the dungeon, and saw 12 of its levels.
You also visited: Ossuary and Bailey.

You collected 525 gold pieces.

Inventory:

Hand Weapons
 a - a +8 dagger of venom (weapon)
 j - a +5 dagger of freezing
 k - a +1 dagger of venom
 B - a +1 dagger of draining
Missiles
 b - 65 poisoned darts (quivered)
 c - 2 curare-tipped darts
Jewellery
 o - a ring of poison resistance (left tentacle)
 F - a ring of protection from cold (right tentacle)
 G - an amulet of reflection (around mantle)
Wands
 p - a wand of disintegration (15)
 x - a wand of polymorph (17)
 y - a wand of iceblast (12)
 E - a wand of digging (4)
Scrolls
 e - a scroll of teleportation
 f - 5 scrolls of magic mapping
 g - a scroll of enchant armour
 m - 6 scrolls of remove curse
 r - 2 scrolls of fear
 u - 2 scrolls of amnesia
 J - a scroll of holy word
Potions
 d - 2 potions of magic
 h - 6 potions of ambrosia {unknown}
 i - 2 potions of haste
 l - 4 potions of curing
 n - 3 potions of might {unknown}
 q - 4 potions of brilliance {unknown}
 s - 4 potions of heal wounds {unknown}
 t - 2 potions of resistance {unknown}
 v - a potion of cancellation {unknown}
 w - 2 potions of berserk rage {unknown}
 C - a potion of attraction {unknown}
 D - 2 potions of invisibility {unknown}
 I - a potion of flight {unknown}


   Skills:
 * Level 9.1 Fighting
 - Level 10.0 Short Blades
 - Level 6.0 Throwing
 - Level 1.0 Dodging
 * Level 13.2 Stealth
 * Level 9.7 Evocations


You had 11 spell levels left.
You didn't know any spells.
Your spell library contained the following spells:

 Spells                   Type           Power        Failure   Level
 Magic Dart               Conj           0%           28%         1
 Blink                    Tloc           N/A          41%         2
 Call Imp                 Summ           0%           41%         2
 Slow                     Hex            0%           41%         2
 Conjure Flame            Conj/Fire      0%           65%         3
 Mephitic Cloud           Conj/Pois/Air  0%           65%         3


Dungeon Overview and Level Annotations

Branches:
Dungeon (11/15)            Temple (1/1) D:6            Lair (0/6) D:10
    Orc (0/2) D:10        Ossuary (visited)          Bailey (1/1)

Altars:
Ashenzari
Cheibriados
Dithmenos
Elyvilon
Fedhas
Gozag
Hepliaklqana
Kikubaaqudgha
Makhleb
Nemelex Xobeh
Okawaru
Qazlal
Ru
Sif Muna
Trog
Uskayaw
Vehumet
Wu Jian
Xom
Yredelemnul
Zin
The Shining One

Shops:
D:10 =


Innate Abilities, Weirdness & Mutations

You cannot wear most types of armour.
You are very stealthy in the water. (Stealth+)
You are amphibious.
You can wear up to eight rings at the same time.
You can use your tentacles to constrict eight enemies at once.
Your skin changes colour to match your surroundings (Stealth+).
Your rubbery body absorbs attacks. (AC +1, EV +1)


Message History

The hobgoblin throws a boomerang.
The boomerang hits you.
The weapon returns to the hobgoblin!
The gnoll hits you with a +1 halberd of electrocution!!
* * * LOW HITPOINT WARNING * * *
You are too injured to fight recklessly!
You are too injured to fight recklessly!
You hit the gnoll.
The gnoll is poisoned.
You grab the gnoll. You squeeze the gnoll.
You kill the gnoll!
Fedhas accepts your kill.
The kobold throws a boomerang.
The boomerang closely misses you.
The weapon returns to the kobold!
The orc warrior closely misses you.
The hobgoblin throws a boomerang.
The boomerang barely misses you.
The weapon returns to the hobgoblin!
The hobgoblin throws a boomerang.
The boomerang misses you.
The weapon returns to the hobgoblin!
The gnoll hits you from afar with a +1 halberd of electrocution!
* * * LOW HITPOINT WARNING * * *
You are electrocuted!
You die...
Fedhas appreciates your contribution to the ecosystem.

#.###.###)#.###.###)#
### ### ##### ### #'#
#.# #. #.#.# #.###)#
#'##'##'# #'##'##'##
#....g# #.).(.##
###..g.o#####...((###
#.'..K)gg.#.'.(⌠..'.#
#..g..# ###.)...###
#....@## ##.....#
#'##'##'###(##'##'#
#. ##.(.###.# #.# #
##### ### ##


You could see an orc warrior, 3 gnolls, 2 hobgoblins and a kobold.

Vanquished Creatures
  Fannar (D:10)
  Erica (D:8)
  Pikel (D:8)
  The ghost of Zeld the Cruncher, a novice OpGl of Okawaru (D:7)
  An elephant (D:10)
  Joseph (D:9)
  Maggie (D:9)
  A queen bee (D:10)
  Grinder (D:6)
  4 wraiths
  A wyvern (D:9)
  3 basilisks
  7 yaks
  Edmund (D:6)
  Duvessa (D:6)
  2 sky beasts
  2 black bears
  5 orc warriors
  4 necrophages
  6 ogres
  A phantom (D:10)
  5 centaurs
  Blork the orc (D:6)
  6 bullfrogs
  2 elf skeletons (D:4)
  Dowan (D:5)
  2 wyvern skeletons
  2 scorpions
  A water moccasin skeleton (D:7)
  32 killer bees
  10 howler monkeys
  13 wights
  An electric eel (D:7)
  A centaur zombie (D:8)
  5 jellies
  3 bullfrog zombies
  6 human zombies
  5 hounds
  A bullfrog skeleton (D:5)
  4 orc priests
  9 orc wizards
  Crazy Yiuf (D:3)
  2 centaur skeletons
  Jessica (D:3)
  3 iguanas
  6 worker ants
  A mummy (D:7)
  A worker ant zombie (D:9)
  Robin (D:4)
  2 howler monkey zombies
  14 adders
  13 gnolls
  2 howler monkey skeletons
  2 shadow imps
  2 ufetubi
  2 oozes
  An adder skeleton (D:4)
  4 worms
  2 dart slugs
  2 leopard geckos (D:2)
  30 orcs
  8 bats
  3 giant cockroaches
  13 hobgoblins
  15 jackals
  19 kobolds
  4 quokkas
  2 ball pythons
  3 ball python skeletons
  3 frilled lizards
  22 goblins
  A hobgoblin skeleton (Ossuary)
  3 kobold zombies (Ossuary)
  2 orc skeletons (D:4)
  4 orc zombies
  A quokka skeleton (D:7)
  7 rats
358 creatures vanquished.

Vanquished Creatures (others)
  2 fungi (D:10)
  3 plants (D:10)
5 creatures vanquished.

Grand Total: 363 creatures vanquished

Notes
Turn   | Place    | Note
-------+----------+-------------------------------------------
     0 | D:1      | Zeld the Octopode Brigand began the quest for the Orb.
     0 | D:1      | Reached XP level 1. HP: 14/14 MP: 1/1
   229 | D:1      | Reached XP level 2. HP: 19/19 MP: 2/2
   826 | D:2      | You fall into a shaft and drop 1 floor!
   919 | D:3      | Reached XP level 3. HP: 20/24 MP: 3/3
   991 | D:3      | Noticed Jessica
   998 | D:3      | Killed Jessica
   999 | D:3      | Reached XP level 4. HP: 29/29 MP: 4/4
  1807 | D:2      | Reached XP level 5. HP: 24/34 MP: 5/5
  2765 | D:3      | Found a runed translucent door.
  2766 | D:3      | Noticed Crazy Yiuf
  2879 | D:3      | Found a blossoming altar of Fedhas.
  3092 | D:3      | Became a worshipper of Fedhas Madash
  3097 | D:3      | Killed Crazy Yiuf
  3397 | D:4      | Reached XP level 6. HP: 22/39 MP: 6/6
  3643 | D:4      | Found a sand-covered staircase.
  3662 | D:4      | Reached skill level 5 in Short Blades
  3662 | D:4      | Reached skill level 5 in Throwing
  3944 | Ossuary  | Entered an ossuary
  4255 | Ossuary  | Reached XP level 7. HP: 45/45 MP: 7/7
  4280 | Ossuary  | Noticed a flying skull
  4280 | Ossuary  | Noticed a wraith
  4315 | Ossuary  | Noticed a flying skull
  4331 | Ossuary  | Noticed a flying skull
  4339 | Ossuary  | Noticed a wraith
  4349 | Ossuary  | Killed a wraith
  4717 | Ossuary  | Noticed a flying skull
  4723 | Ossuary  | Noticed a wraith
  4730 | Ossuary  | Killed a wraith
  4835 | Ossuary  | Noticed a flying skull
  4840 | Ossuary  | Reached * piety under Fedhas
  4973 | D:4      | Reached XP level 8. HP: 34/50 MP: 8/8
  5103 | D:4      | Noticed a +0 hand axe
  5103 | D:4      | Noticed a +0 hand axe
  5256 | D:4      | Noticed Robin
  5539 | D:4      | Killed Robin
  5868 | D:4      | Found a snail-covered altar of Cheibriados.
  6323 | D:4      | Found a hide-covered altar of Uskayaw.
  6538 | D:5      | Entered Level 5 of the Dungeon
  7062 | D:5      | Found a sparkling altar of Nemelex Xobeh.
  7844 | D:6      | Noticed Blork the orc
  7884 | D:5      | Reached ** piety under Fedhas
  7885 | D:5      | Reached XP level 9. HP: 19/54 MP: 9/9
  8083 | D:6      | Killed Blork the orc
  8151 | D:6      | Reached skill level 10 in Short Blades
  8155 | D:6      | Noticed Duvessa
  8391 | D:6      | Reached skill level 1 in Evocations
  9014 | D:6      | Found a staircase to the Ecumenical Temple.
  9076 | Temple   | Entered the Ecumenical Temple
  9355 | D:6      | Found a shimmering blue altar of Sif Muna.
  9430 | D:6      | Reached skill level 6 in Stealth
  9447 | D:6      | Noticed Edmund
  9460 | D:6      | Killed Edmund
  9471 | D:6      | Noticed Grinder
  9476 | D:6      | Killed Grinder
  9591 | D:6      | Found a stormy altar of Qazlal.
  9653 | D:6      | Noticed Dowan
  9671 | D:6      | Killed Duvessa
  9690 | D:5      | Killed Dowan
  9691 | D:5      | Reached skill level 7 in Stealth
 10445 | D:7      | Found a transporter.
 10445 | D:7      | Found a transporter.
 10445 | D:7      | Noticed Zeld's ghost (novice OpGl)
 11434 | D:7      | Reached skill level 8 in Stealth
 11435 | D:7      | Found a basalt altar of Yredelemnul.
 11502 | D:7      | Reached XP level 10. HP: 53/64 MP: 10/10
 11578 | D:7      | Reached *** piety under Fedhas
 11579 | D:7      | Reached skill level 5 in Fighting
 11579 | D:7      | Reached skill level 5 in Evocations
 11962 | D:7      | Reached skill level 9 in Stealth
 12622 | D:8      | Noticed Erica
 12639 | D:8      | Killed Erica
 13438 | D:8      | Found a stormy altar of Qazlal.
 13538 | D:8      | Reached skill level 10 in Stealth
 13662 | D:8      | Found an ornate altar of the Wu Jian Council.
 13862 | D:9      | Noticed Pikel
 14056 | D:8      | Killed Pikel
 14056 | D:8      | Reached **** piety under Fedhas
 15632 | D:9      | Reached skill level 11 in Stealth
 15632 | D:9      | Reached XP level 11. HP: 47/75 MP: 11/11
 15972 | D:9      | Noticed Joseph
 16796 | D:9      | Killed Joseph
 17062 | D:9      | Noticed Maggie
 17078 | D:9      | Killed Maggie
 17209 | D:9      | Noticed a two-headed ogre
 17555 | D:10     | Entered Level 10 of the Dungeon
 17867 | D:10     | Noticed Fannar
 17869 | D:10     | Killed Fannar
 17962 | D:10     | Reached skill level 12 in Stealth
 18035 | D:10     | Found a staircase to the Lair.
 18716 | D:10     | Found a shadowy altar of Dithmenos.
 18750 | D:10     | Reached ***** piety under Fedhas
 18833 | D:10     | Found Nios Loing's Jewellery Emporium.
 19470 | D:10     | Found a staircase to the Orcish Mines.
 20961 | D:7      | Killed Zeld's ghost
 20962 | D:7      | Reached skill level 13 in Stealth
 21208 | D:11     | Found a flagged portal.
 21269 | D:11     | Reached XP level 12. HP: 32/85 MP: 12/12
 21503 | Bailey   | Entered a bailey
 21674 | Bailey   | Mangled by a gnoll

Illustrated notes

Levels and vault maps discovered:
D:1:      nzn_arrival_depleted_hourglass, layout_rooms, minmay_pentomino_q4
D:2:      layout_basic, minivault_14
D:3:      layout_rooms, fedhas_altar_fruit_tree, uniq_jessica,
          uniq_crazy_yiuf_cottage
D:4:      kennysheep_goblin_castle, layout_loops_ring, dancing_weapons_uskayaw,
          kennysheep_slug_shrine, nicolae_ossuary_entry_catacombs
D:5:      layout_basic, minivault_4, nemelex_spade_bored_becter
D:6:      layout_loops_ring, tgw_sif, nicolae_overflow_hidden_temple,
          minmay_temple_entry_enclosed_plants, nicolae_underground_beach,
          uniq_duvessa, uniq_blork_the_orc, uniq_edmund, uniq_grinder
D:7:      layout_loops_ring, lemuel_mausoleum_altar_yredelemnul,
          gammafunk_ghost_arena, nicolae_water_bricks
D:8:      layout_basic, nzn_wu_jian_council_hall, grunt_qazlal_clouds,
          uniq_erica
D:9:      layout_basic, uniq_pikel, uniq_maggie, uniq_joseph
D:10:     layout_roguey [special_room_bee], david_lair_generic, orc_0_dummy,
          serial_shops, shop, grunt_dithmenos_shadows, uniq_fannar
D:11:     layout_roguey [special_room_orc], enter_bailey_7,
          minmay_strange_pillars, kennysheep_generic_room_4
Temple:   nicolae_temple_elliptical
Bailey:   bailey_axe_2, bailey

Skill      XL: |  1  2  3  4  5  6  7  8  9 10 11 |
---------------+----------------------------------+-----
Short Blades   | 3 4 5 7 9 10 | 10.0
Throwing       | 3 4 5 6 |  6.0
Evocations     | 4 7 9 |  9.7
Stealth        | 8 11 13 | 13.2
Fighting       | 4 7 9 |  9.1
Dodging        | |  1.0

Action                   |  1- 3 |  4- 6 |  7- 9 | 10-12 || total
-------------------------+-------+-------+-------+-------++-------
Melee: Dagger            |    46 |   132 |   253 |   609 ||  1040
       Constrict         |    11 |    27 |    40 |    90 ||   168
       Tentacles         |     8 |    24 |    47 |   130 ||   209
       Unarmed           |       |       |       |    24 ||    24
Throw: Dart              |       |       |       |    13 ||    13
Evoke: Wand              |       |       |     7 |     5 ||    12
  Use: Scroll            |       |       |    18 |    14 ||    32
       Potion            |       |       |       |     5 ||     5
 Stab: Sleeping          |     8 |    22 |    23 |    24 ||    77
       Distracted        |       |     1 |     2 |     4 ||     7
Armor: Skin              |     2 |     4 |     7 |     9 ||    22
Dodge: Dodged            |    21 |    56 |    93 |   205 ||   375
Block: Other             |       |       |     3 |    76 ||    79
       Reflection        |       |       |       |     8 ||     8
